 Dungeon Crawl Stone Soup version 0.15.0-8-gb109cf8 (webtiles) character file.

11917 Johnny the Protected (level 12, -48/93 (95) HPs)
             Began as a Human Berserker on Aug 30, 2014.
             Was an Elder of Trog.
             Annihilated by an enormous slime creature (75 damage)
             ... on Level 12 of the Dungeon.
             The game lasted 00:51:06 (15284 turns).

Johnny the Protected (Human Berserker)             Turns: 15284, Time: 00:51:06

HP -48/93 (95)   AC 22     Str 17      XL: 12   Next: 13%
MP  12/12        EV  6     Int 12      God: Trog [****..]
Gold 613         SH  0     Dex 19      Spells:  0 memorised, 11 levels left

rFire  . . .     SeeInvis .     y - +5 quarterstaff (chaos)
rCold  + . .     Clarity  .     E - +0 plate armour
rNeg   . . .     rCorr    .     (no shield)
rPois  +         rRot     .     (no helmet)
rElec  .         Spirit   .     A - +2 cloak {rPois}
SustAb .         Warding  .     h - +0 pair of gloves
rMut   .         Stasis   .     p - +1 pair of boots of the Shoals {Dex+4 Int+3}
Gourm  .                        (no amulet)
MR     ++...                    a - ring of protection from cold
                                i - ring of invisibility

@: exhausted, regenerating, slowed, very slow, very resistant to hostile
enchantments, extremely unstealthy
A: clumsy 1
a: Burn Spellbooks, Berserk, Trog's Hand, Brothers in Arms, Renounce Religion,
Evoke Invisibility


You were on level 12 of the Dungeon.
You worshipped Trog.
Trog was greatly pleased with you.
You were not hungry.

You visited 1 branch of the dungeon, and saw 12 of its levels.

You collected 795 gold pieces.
You spent 182 gold pieces at shops.

Inventory:

Hand weapons
 r - a +7 dire flail of distortion
 w - a +4 spear of flaming
 y - a +5 quarterstaff of chaos (weapon)
 B - a +4 scimitar of flaming
 M - the +5 hand axe "Phin" {holy, Contam rC+}
   (You found it on level 11 of the Dungeon)

   It has been blessed by the Shining One to cause great damage to the undead
   and demons.
   It protects you from cold.
   It causes magical contamination when unequipped.
 O - the +5 demon whip "Spellbinder" {antimagic, MR+}
   (You found it on level 11 of the Dungeon)

   It disrupts the flow of magical energy around spellcasters and certain
   magical creatures (including the wielder).
   It affects your resistance to hostile enchantments.
Missiles
 l - 3 javelins of penetration (quivered)
Armour
 h - a +0 pair of gloves (worn)
 p - the +1 pair of boots of the Shoals (worn) {Dex+4 Int+3}
   (You found it on level 11 of the Dungeon)

   It affects your intelligence (+3).
   It affects your dexterity (+4).
 A - a +2 cloak of poison resistance (worn)
 E - a +0 plate armour (worn)
Magical devices
 b - a wand of cold (3)
 j - a wand of lightning (5)
 o - a wand of frost (10)
 u - a wand of disintegration (11) {unknown}
 L - a wand of digging (16)
 P - a wand of digging (15)
Comestibles
 c - 8 bread rations
 m - 11 fruits
 I - 6 royal jellies
 N - a slice of pizza
Scrolls
 e - 2 scrolls of magic mapping
 f - 4 scrolls of recharging
 g - 7 scrolls of remove curse
 q - 13 scrolls of teleportation
 G - a scroll of holy word {unknown}
 K - 3 scrolls of acquirement {unknown}
Jewellery
 a - a ring of protection from cold (right hand)
 i - a ring of invisibility (left hand)
 k - an uncursed ring of poison resistance
Potions
 d - 5 potions of curing
 n - 2 potions of cure mutation {unknown}
 s - a potion of haste {unknown}
 t - 3 potions of might
 v - a potion of berserk rage {unknown}
 x - a potion of poison {unknown}
 D - 4 potions of restore abilities
 F - a potion of flight {unknown}
 H - a potion of degeneration {unknown}
 J - a potion of porridge
 Q - a potion of decay {unknown}


   Skills:
 + Level 9.3 Fighting
 + Level 1.3(5.3) Axes
 + Level 6.8(7.2) Maces & Flails
 + Level 4.3(5.0) Polearms
 + Level 3.2(6.1) Staves
 + Level 0.4 Throwing
 + Level 10.8 Armour
 + Level 8.5 Dodging
 + Level 4.0 Stealth
 + Level 0.4 Evocations


You had 11 spell levels left.
You didn't know any spells.

Dungeon Overview and Level Annotations

Branches:
Dungeon (12/15)            Temple (0/1) D:5             Orc (0/4) D:9
   Lair (0/8) D:11

Altars:
Ashenzari
Dithmenos
Elyvilon
Kikubaaqudgha
Nemelex Xobeh
Okawaru
Sif Muna
Vehumet
Xom
Zin

Shops:
D:6 *:


Innate Abilities, Weirdness & Mutations

You are clumsy. (Dex -2)


Message History

The enormous slime creature hits you!
You sock the enormous slime creature! You burn the enormous slime creature.
The enormous slime creature is moderately wounded.
You hit the enormous slime creature.
The enormous slime creature flickers and vanishes!
Deactivating autopickup; reactivate with Ctrl-A.
Something hits you!!!
Your plate armour prevents you from hitting something.
Something hits you!!
You sock something! You bludgeon something!! Something hits you!!!
* * * LOW HITPOINT WARNING * * *
You feel a strong urge to attack something.
You are no longer berserk.
You are exhausted.
You feel yourself slow down.
The bloodstain on the floor disappears!
Something hits you!!!!
Ouch! That really hurt!
You die...

#.## ##J# #..##### #J.#
##.....# ##J#####
#######.#### #......#
##..........# #......#
............#####......#
.#..........##..'......#
#..........##.##......#
#......<@{....##......#
...........#####......#
########### ########


There were no monsters in sight!

Vanquished Creatures
  Erica (D:11)
  An unseen horror (D:10)
  Pikel (D:6)
  2 hill giants
  An ugly thing (D:11)
  An elephant (D:11)
  A two-headed ogre (D:11)
  2 slime creatures (D:12)
  3 yaks (D:12)
  Eustachio (D:6)
  2 wyverns (D:8)
  2 soldier ants (D:9)
  3 hippogriffs
  2 ice beasts
  A spider (D:9)
  3 necrophages
  7 centaurs
  5 orc warriors
  A black bear (D:11)
  2 crocodiles
  4 ogres
  Sigmund (D:6)
  2 big kobolds
  A gnoll sergeant (D:10)
  The ghost of ciphuk the Firebug, an average DEFE (D:3)
  8 giant frogs
  9 scorpions
  An eye of draining (D:11)
  15 killer bees
  2 yak zombies (D:11)
  2 crimson imps
  3 goliath beetles
  A centaur zombie (D:7)
  3 hounds
  A quasit (D:8)
  A giant frog skeleton (D:11)
  2 jellies
  Crazy Yiuf (D:7)
  8 orc priests
  8 orc wizards
  A two-headed ogre skeleton (D:7)
  Natasha (thrice) (D:3)
  8 iguanas
  6 worker ants
  A sheep (D:11)
  Ijyb (D:4)
  A worker ant zombie (D:5)
  2 mummies
  8 adders
  An orc zombie (D:5)
  13 gnolls
  5 giant mites
  6 shadow imps
  2 worms
  An inept item mimic (D:2)
  An adder zombie (D:6)
  8 giant geckos
  3 oozes
  52 orcs
  20 bats
  6 giant cockroaches
  16 hobgoblins
  3 quokkas
  2 ball pythons
  A giant gecko zombie (D:8)
  A giant mite zombie (D:7)
  5 giant newts
  A giant spore (D:7)
  16 goblins
  A hobgoblin skeleton (D:4)
  25 kobolds
  17 rats
  2 ballistomycetes
  4 fungi (D:5)
359 creatures vanquished.

Vanquished Creatures (collateral kills)
  An ice beast (D:11)
1 creature vanquished.

Vanquished Creatures (others)
  An unseen horror (D:10)
  An orc (D:5)
  A giant spore (D:6)
  A ballistomycete (D:7)
4 creatures vanquished.

Grand Total: 364 creatures vanquished

Notes
Turn   | Place    | Note
--------------------------------------------------------------
     0 | D:1      | Johnny, the Human Berserker, began the quest for the Orb.
     0 | D:1      | Reached XP level 1. HP: 18/18 MP: 1/1
   279 | D:1      | Reached XP level 2. HP: 24/24 MP: 2/2
   407 | D:1      | Acquired Trog's second power
   574 | D:1      | Reached XP level 3. HP: 9/29 MP: 3/3
  1747 | D:2      | Reached XP level 4. HP: 32/37 MP: 4/4
  2458 | D:2      | Reached skill level 4 in Fighting
  2458 | D:2      | Reached XP level 5. HP: 30/42 MP: 5/5
  2629 | D:3      | Found an iron altar of Okawaru.
  2632 | D:3      | Noticed ciphuk's ghost (average DEFE)
  2644 | D:3      | Killed ciphuk's ghost
  2644 | D:3      | Reached XP level 6. HP: 48/48 MP: 6/6
  3115 | D:3      | Noticed Natasha
  3135 | D:3      | Killed Natasha
  3194 | D:3      | Noticed Natasha
  3205 | D:3      | Killed Natasha
  3238 | D:3      | Noticed Natasha
  3244 | D:3      | Killed Natasha
  3410 | D:4      | Noticed Ijyb
  3419 | D:4      | Killed Ijyb
  3779 | D:4      | Reached XP level 7. HP: 37/55 MP: 7/7
  4344 | D:4      | Found a glowing silver altar of Zin.
  5089 | D:5      | Entered Level 5 of the Dungeon
  5201 | D:5      | Reached skill level 5 in Fighting
  6124 | D:5      | Acquired Trog's third power
  6177 | D:5      | Reached skill level 1 in Stealth
  6261 | D:5      | Reached XP level 8. HP: 58/62 MP: 8/8
  6288 | D:5      | Found a staircase to the Ecumenical Temple.
  6321 | D:5      | Reached skill level 5 in Armour
  6589 | D:5      | Reached skill level 1 in Maces & Flails
  7106 | D:6      | Noticed Sigmund
  7125 | D:5      | Received a gift from Trog
  7307 | D:6      | Killed Sigmund
  7392 | D:6      | Noticed Eustachio
  7399 | D:6      | Killed Eustachio
  7399 | D:6      | Reached skill level 5 in Dodging
  7437 | D:6      | Noticed Pikel
  7477 | D:6      | Killed Pikel
  7477 | D:6      | Reached skill level 6 in Fighting
  7477 | D:6      | Reached XP level 9. HP: 69/69 MP: 9/9
  7533 | D:6      | Found a shadowy altar of Dithmenos.
  7586 | D:6      | Found Maotaef's Book Emporium.
  8059 | D:6      | Found Mnel's General Store.
  8232 | D:6      | Bought a potion of heal wounds for 39 gold pieces
  8232 | D:6      | Bought a scroll of teleportation for 39 gold pieces
  8232 | D:6      | Bought a meat ration for 65 gold pieces
  8232 | D:6      | Bought a potion of restore abilities for 39 gold pieces
  8303 | D:7      | Reached skill level 7 in Armour
  9527 | D:7      | Reached XP level 10. HP: 77/77 MP: 10/10
  9838 | D:7      | Noticed Crazy Yiuf
  9843 | D:7      | Killed Crazy Yiuf
 10002 | D:8      | Reached skill level 8 in Armour
 10329 | D:8      | Found a sparkling altar of Nemelex Xobeh.
 10329 | D:8      | Found a deep blue altar of Sif Muna.
 10330 | D:8      | Found a shattered altar of Ashenzari.
 10547 | D:8      | Found a radiant altar of Vehumet.
 10913 | D:9      | Found an ancient bone altar of Kikubaaqudgha.
 11043 | D:9      | Reached skill level 1 in Staves
 11630 | D:9      | Received a gift from Trog
 11673 | D:9      | Found a staircase to the Orcish Mines.
 12123 | D:10     | Entered Level 10 of the Dungeon
 12137 | D:10     | Noticed a hill giant
 12146 | D:10     | Killed a hill giant
 12407 | D:10     | Reached skill level 9 in Armour
 12615 | D:10     | Banished an unseen horror
 12615 | D:10     | Reached XP level 11. HP: 86/86 MP: 11/11
 12621 | D:10     | Reached skill level 5 in Maces & Flails
 12737 | D:10     | Noticed a hill giant
 12861 | D:10     | Killed an unseen horror
 13140 | D:10     | Found a white marble altar of Elyvilon.
 13176 | D:10     | Found a shimmering altar of Xom.
 13333 | D:11     | Found a labyrinth entrance.
 13354 | D:11     | Got a shimmering hand axe
 13356 | D:11     | Identified the +5 hand axe "Phin" {holy, Contam rC+} (You found it on level 11 of the Dungeon)
 13357 | D:11     | Noticed Erica
 13568 | D:11     | Killed Erica
 13568 | D:11     | Reached skill level 10 in Armour
 13670 | D:11     | Gained mutation: You are clumsy. (Dex -2) [mutagenic glow]
 13711 | D:11     | Noticed a green ugly thing
 13723 | D:11     | Killed a green ugly thing
 13723 | D:11     | Reached skill level 1 in Axes
 13827 | D:11     | Found a staircase to the Lair.
 14125 | D:11     | Noticed a hill giant
 14131 | D:11     | Killed a hill giant
 14354 | D:11     | Got a pair of polished boots
 14360 | D:11     | Identified the +1 pair of boots of the Shoals {Dex+4 Int+3} (You found it on level 11 of the Dungeon)
 14521 | D:11     | Reached XP level 12. HP: 91/93 MP: 4/12
 15284 | D:12     | Annihilated by an enormous slime creature

Action                   |  1- 3 |  4- 6 |  7- 9 | 10-12 || total
-------------------------+-------+-------+-------+-------++-------
Melee: Spear             |   181 |   285 |   181 |    22 ||   669
       Morningstar       |       |       |   187 |       ||   187
       Whip              |       |       |   279 |    32 ||   311
       Quarterstaff      |       |       |       |   228 ||   228
       Dire flail        |       |       |       |   225 ||   225
       Hand axe          |       |       |       |    37 ||    37
       Demon whip        |       |       |       |    25 ||    25
Throw: Javelin           |       |       |     1 |     3 ||     4
Invok: Berserk           |     2 |     6 |    11 |    15 ||    34
       Trog's Hand       |       |     4 |     4 |    15 ||    23
       Burn Spellbooks   |       |       |     1 |     1 ||     2
       Brothers in Arms  |       |       |       |     1 ||     1
Evoke: Wand              |       |       |       |     5 ||     5
  Use: Scroll            |       |     6 |     5 |     8 ||    19
       Potion            |       |       |       |     4 ||     4
 Stab: Paralysed         |       |       |       |     4 ||     4
       Petrifying        |       |       |       |     2 ||     2
       Distracted        |       |       |       |     2 ||     2
  Eat: Chunk             |     4 |     6 |     4 |    14 ||    28
       Pizza             |       |     2 |       |       ||     2
       Meat ration       |       |     1 |       |     4 ||     5
       Beef jerky        |       |       |     4 |     1 ||     5
       Bread ration      |       |       |     5 |       ||     5
       Fruit             |       |       |       |     4 ||     4
